 Dungeon Crawl Stone Soup version 0.30-a0-972-gf3ab3527aa (webtiles) character file.

Game seed: 2700246004115744539

65 Lobster4 the Trooper (level 4, 0/45 HPs)
             Began as an Ogre Gladiator on Apr 1, 2023.
             Engulfed by an orc wizard's steam (13 damage)
             ... on level 3 of the Dungeon.
             The game lasted 00:03:34 (1600 turns).

Lobster4 the Trooper (Ogre Gladiator)               Turns: 1600, Time: 00:03:35

Health: 0/45       AC:  3    Str: 20    XL:     4   Next: 14%
Magic:  4/4        EV: 10    Int:  9    God:
Gold:   125        SH:  0    Dex: 10    Spells: 3/3 levels left

rFire   . . .      SeeInvis .    a - +0 war axe
rCold   . . .      Faith    .    (no shield)
rNeg    . . .      Spirit   .    b - +0 robe
rPois   .          Reflect  .    c - +0 hat
rElec   .          Rampage  .    (no cloak)
rCorr   .                        (gloves unavailable)
Will    .....                    (boots unavailable)
Stlth   +                        (no amulet)
HPRegen 0.27/turn                (no ring)
MPRegen 0.09/turn                (no ring)

@: no status effects
A: large, unfitting armour, tough skin 1
a: no special abilities


You were on level 3 of the Dungeon.
You visited 1 branch of the dungeon, and saw 3 of its levels.

You collected 125 gold pieces.

Inventory:

Hand Weapons
 a - a +0 war axe (weapon)
Missiles
 d - 3 throwing nets
 e - a large rock
 g - 15 stones (quivered)
 h - 3 poisoned darts
Armour
 b - a +0 robe (worn)
 c - a +0 hat (worn)
Jewellery
 k - a +4 ring of slaying
 l - a ring of fire
Wands
 t - a wand of roots (12)
Scrolls
 j - a scroll of amnesia {unknown}
 n - 2 scrolls of teleportation {unknown}
 o - a scroll of brand weapon {unknown}
 p - a scroll of enchant armour {unknown}
 q - a scroll of magic mapping
 r - a scroll of butterflies {unknown}
 v - a scroll of noise {unknown}
Potions
 f - 4 potions of curing
 i - a potion of ambrosia
 m - a potion of invisibility
 s - 2 potions of degeneration {unknown}
 u - a potion of magic {unknown}


   Skills:
 + Level 3.4 Fighting
 + Level 3.4 Axes
 + Level 2.6 Throwing
 + Level 1.0 Armour
 + Level 3.1 Dodging


You had 3 spell levels left.
You didn't know any spells.
Your spell library was empty.

Dungeon Overview and Level Annotations

Branches:
Dungeon (3/15)

Altars:


Innate Abilities, Weirdness & Mutations

You are too large for most types of armour.
You have tough skin. (AC +1)


Message History

You have reached level 4!
An orc priest comes into view. It is wielding a +0 morningstar.
The orc priest shouts!
You hit the orc.
The orc is almost dead.
The orc priest looks satisfied for a moment.
An orc wizard comes into view. It is wielding a +0 dagger.
The orc hits you with a +0 dagger.
You slash the orc!
You kill the orc!
The orc wizard casts a spell at you. The puff of flame hits you.
An orc comes into view. It is wielding a +0 vampiric whip.
A goblin comes into view. It is wielding a +0 club.
You enter the shallow water.
Found a robe.
The orc priest barely misses you.
A dart slug comes into view.
You closely miss the orc priest.
The goblin shouts!
You hit the orc priest.
The orc priest is heavily wounded.
The orc wizard casts a spell at you. The puff of flame hits you!
The orc priest closely misses you.
The orc priest mumbles some strange prayers to Beogh against you.
Pain shoots through your body!
You are too injured to fight recklessly!
You are too injured to fight recklessly!
You are too injured to fight recklessly!
You are too injured to fight recklessly!
You are too injured to fight recklessly!
You barely miss the orc priest.
The orc priest is heavily wounded.
You hit the orc wizard but do no damage.
You are engulfed in a cloud of scalding steam.
* * * LOW HITPOINT WARNING * * *
The orc priest closely misses you.
You slash the orc priest!
The orc priest is almost dead.
You hit the orc wizard.
You are engulfed in a cloud of scalding steam.
You die...

........P♣.♣♣P.♣♣.....♣*****,**
P..........PP.♣♣..♣.♣..P*,**,,*
..P...†.....PP.♣..~..♣.♣,****,***
P.............♣...♣~....*,,,,,,,,
P...............~♣~♣.~.♣,,,******
♣..♣.......♣P..†.♣~~~§§§,,,* *,,
..♣..♣..P.P♣♣.).~~≈~P§..,******,*
P♣♣.♣♣♣...♣♣...~.~≈~♣~.,,,* *,,,*
♣,.♣♣..P..♣P...o@♣.~~♣,,*,* *,***
,.P,,.P♣P♣♣...o♣o≈~~~~..,****,*
**,,*♣.P♣♣P....~~g.~♣♣~♣,,**,,***
*,*,,,,*.......♣~♣?♣~P*♣*,**,,,,*
***,,,**♣P.P..§~♣~~~,♣..,,*****,*
*,,*,**,.♣.....P~~~~♣,*[,,,**,,,,
,,*,**,,*.♣..§,§,~~♣~,,,,,,,***,*
*****,*,**♣..,P§*♣~~♣.,,*,,,,,,,*
,*,*,,,*,***,,,,~~~*,,,,,,,,,,*,,


You could see an orc priest, an orc wizard, an orc and a goblin.

Vanquished Creatures
  2 adders
  2 dart slugs
  An orc (D:3)
  4 ball pythons
  2 bats
  5 endoplasms (D:2)
  5 goblins
  3 hobgoblins
  5 quokkas
  3 frilled lizards
  3 kobolds
  5 rats
40 creatures vanquished.

Vanquished Creatures (others)
  4 plants (D:3)
4 creatures vanquished.

Grand Total: 44 creatures vanquished

Notes
Turn   | Place    | Note
-------+----------+-------------------------------------------
     0 | D:1      | Lobster4 the Ogre Gladiator began the quest for the Orb.
     0 | D:1      | Reached XP level 1. HP: 22/22 MP: 1/1
    72 | D:1      | Reached XP level 2. HP: 26/29 MP: 2/2
   703 | D:2      | Reached XP level 3. HP: 35/37 MP: 3/3
  1128 | D:2      | Reached skill level 1 in Armour
  1591 | D:3      | Reached XP level 4. HP: 45/45 MP: 4/4
  1600 | D:3      | Engulfed by an orc wizard's steam

Illustrated notes

Levels and vault maps discovered:
D:1:      matt_arrival_refuge, layout_rooms, minmay_misc_feat_iff
D:2:      layout_basic, serial_bayou_lagoon_a
D:3:      wad_woods_pond, layout_rooms,
          chequers_temple_overflow_statue_of_worship, uniq_grinder

Skill      XL: |  1  2  3 |
---------------+----------+-----
Fighting       | 3 |  3.4
Dodging        | 3 |  3.1
Armour         | 1 |  1.0
Axes           | |  3.4
Throwing       | |  2.6

Action                     |  1- 3 |  4- 6 || total
---------------------------+-------+-------++-------
  Melee: War axe           |   102 |     6 ||   108
  Throw: Stone             |     3 |       ||     3
    Use: Scroll            |     4 |       ||     4
   Stab: Sleeping          |     2 |       ||     2
 Armour: Robe              |    29 |       ||    29
  Dodge: Dodged            |    56 |     3 ||    59

Table legend: (Time is in decaauts)
 A = Elapsed time spent in this place.
 B = Non-inter-level travel time spent in this place.
 C = Inter-level travel time spent in this place.
 D = Time resting spent in this place.
 E = Time spent auto-exploring this place.
 F = Levels seen in this place.
 G = Mean time per level.
                   A        B        C        D        E       F      G
               +--------+--------+--------+--------+--------+-----+--------+
         Total |   1635 |   1605 |     30 |      0 |   1302 |   3 |  545.0 |
       Dungeon |   1635 |   1605 |     30 |      0 |   1302 |   3 |  545.0 |
               +--------+--------+--------+--------+--------+-----+--------+

Top non-repeatable levels by time:
     D:2: 962 daAuts
     D:1: 604 daAuts
     D:3: 67 daAuts
